 Dungeon Crawl Stone Soup version 0.30.1-11-g7821555f0a (webtiles) character file.

Game seed: 1908341460371049919

1099 AppTheSpectato the Cruncher (level 8, -13/60 HPs)
             Began as a Gnoll Wanderer on Nov 3, 2023.
             Was a Priest of Uskayaw.
             Mangled by Pikel
             ... wielding a +1 whip of electrocution
              (18 damage)
             ... on level 5 of the Dungeon.
             The game lasted 00:19:11 (5318 turns).

AppTheSpectato the Cruncher (Gnoll Wanderer)        Turns: 5318, Time: 00:19:13

Health: -13/60     AC:  8    Str: 20    XL:     8   Next: 32%
Magic:  2/12       EV: 15    Int: 12    God:    Uskayaw [***...]
Gold:   211        SH:  0    Dex: 17    Spells: 13/13 levels left

rFire   . . .        a - +1 quarterstaff
rCold   . . .        (shield currently unavailable)
rNeg    . . .        r - +2 robe "Iru Adgh" {Str+6 Stlth-}
rPois   .            (no helmet)
rElec   .            c - +1 cloak
rCorr   .            (no gloves)
SInv    .            d - +1 pair of boots
Will    .....        (no amulet)
Stlth   ++           w - +6 ring of strength
HPRegen 0.30/turn    (no ring)
MPRegen 0.13/turn

%: no passive effects
@: weak-willed
A: fangs 1, strong nose, distributed training
a: Renounce Religion, Stomp, Line Pass


You were on level 5 of the Dungeon.
You worshipped Uskayaw.
Uskayaw was noncommittal.
You visited 2 branches of the dungeon, and saw 6 of its levels.

You collected 211 gold pieces.

Inventory:

Hand Weapons
 a - a +1 quarterstaff (weapon)
 k - a +0 short sword of venom
Missiles
 g - 10 poisoned darts (quivered)
 x - 2 throwing nets
Armour
 c - a +1 cloak (worn)
 d - a +1 pair of boots (worn)
 f - a +0 robe
 r - the +2 robe "Iru Adgh" (worn) {Str+6 Stlth-}
   (You found it on level 4 of the Dungeon)

   Str:       It affects your strength (+6).
   Stlth:     It makes you less stealthy.
Jewellery
 w - a +6 ring of strength (left hand)
Wands
 v - a wand of mindburst (6)
Scrolls
 h - 3 scrolls of enchant armour
 o - a scroll of fear {unknown}
 p - a scroll of immolation {unknown}
 q - a scroll of identify {unknown}
 t - a scroll of noise {unknown}
 u - a scroll of vulnerability
Potions
 b - a potion of might
 e - 2 potions of curing
 j - a potion of invisibility {unknown}
 l - a potion of magic {unknown}
 m - a potion of heal wounds {unknown}
 n - 2 potions of degeneration {unknown}
 s - 3 potions of lignification {unknown}
 z - a potion of attraction {unknown}
 A - a potion of brilliance {unknown}


   Skills:
 + Level 4.2 Fighting
 + Level 3.3 Short Blades
 + Level 3.3 Long Blades
 + Level 3.3 Axes
 + Level 3.3 Maces & Flails
 + Level 3.3 Polearms
 + Level 9.2 Staves
 + Level 3.3 Ranged Weapons
 + Level 3.3 Throwing
 + Level 3.3 Armour
 + Level 5.7 Dodging
 + Level 4.1 Stealth
 + Level 3.3 Shields
 + Level 5.7 Unarmed Combat
 + Level 3.3 Spellcasting
 + Level 2.6 Conjurations
 + Level 2.6 Hexes
 + Level 2.6 Summonings
 + Level 2.6 Necromancy
 + Level 2.6 Translocations
 + Level 2.6 Transmutations
 + Level 2.6 Fire Magic
 + Level 2.6 Ice Magic
 + Level 2.6 Air Magic
 + Level 2.6 Earth Magic
 + Level 2.6 Poison Magic
 + Level 3.6 Invocations
 + Level 3.3 Evocations


You had 13 spell levels left.
You didn't know any spells.
Your spell library contained the following spells:

 Spells                   Type           Power      Damage    Failure   Level
 Magic Dart               Conj           32%        1d4       8%          1
 Sting                    Tmut/Pois      32%        1d4       8%          1
 Blink                    Tloc           16%        N/A       12%         2
 Cigotuvi's Dreadful Rot  Necr/Pois/Air  16%        N/A       12%         2
 Poisonous Vapours        Pois/Air       16%        N/A       12%         2
 Searing Ray              Conj           16%        2d5       12%         2
 Gell's Gravitas          Tloc           8%         N/A       24%         3
 Mephitic Cloud           Conj/Pois/Air  8%         N/A       24%         3
 Teleport Other           Tloc           8%         N/A       24%         3
 Fulminant Prism          Conj/Hex       4%         3d5       61%         4
 Leda's Liquefaction      Hex/Erth       4%         N/A       61%         4
 Manifold Assault         Tloc           8%         N/A       61%         4
 Olgreb's Toxic Radiance  Pois           8%         N/A       61%         4
 Alistair's Intoxication  Tmut/Pois      5%         N/A       91%         5
 Lee's Rapid Deconstruct  Erth           4%         3d5*      91%         5
 Dispersal                Tloc           4%         N/A       100%        6
 Statue Form              Tmut/Erth      5%         N/A       100%        6
 Storm Form               Tmut/Air       4%         N/A       100%        7


Dungeon Overview and Level Annotations

Branches:
Dungeon (5/15)             Temple (1/1) D:4

Altars:
Ashenzari
Cheibriados
Dithmenos
Elyvilon
Fedhas
Gozag
Kikubaaqudgha
Makhleb
Nemelex Xobeh
Okawaru
Qazlal
Sif Muna
Trog
Uskayaw
Vehumet
Wu Jian
Yredelemnul
Zin

Annotations:
D:5 Pikel


Innate Abilities, Weirdness & Mutations

You have very sharp teeth.
Your uncanny sense of smell can sniff out nearby items.
Your experience applies equally to all skills.


Message History

The lemure is no longer sharing its pain. x2
The phantom is no longer sharing its pain.
A lemure comes into view.
The phantom hits you.
The phantom blinks!
Pikel says, "You'll feel the lick of my whip!"
Pikel hits you with a +1 whip of electrocution.
You are electrocuted!
* * * LOW HITPOINT WARNING * * *
As you read the scroll labelled HEAMOY YFRE, it crumbles to dust.
Magic quickly surges around you.
It was a scroll of vulnerability.
You feel sick.
You are no longer poisoned.
The hound is no longer sharing its pain.
The iguana is no longer sharing its pain.
Pikel hits you with a +1 whip of electrocution.
* * * LOW HITPOINT WARNING * * *
The phantom hits you but does no damage.
As you read the scroll labelled AJOHOU ZYRIY, it crumbles to dust.
It is a scroll of enchant weapon.
Your +0 quarterstaff glows red for a moment.
Pikel barely misses you.
The phantom hits you but does no damage.
You stomp with the beat, sending a shockwave through the revellers around you!
Pikel is heavily wounded.
The phantom is severely damaged.
Pikel hits you but does no damage. The phantom hits you.
* * * LOW HITPOINT WARNING * * *
Okay, then.
You feel better.
The phantom hits you but does no damage.
Pikel hits you with a +1 whip of electrocution.
* * * LOW HITPOINT WARNING * * *
You hit Pikel but do no damage. You bite Pikel, but do no damage.
Pikel is heavily wounded.
The phantom hits you.
* * * LOW HITPOINT WARNING * * *
Pikel hits you with a +1 whip of electrocution.
* * * LOW HITPOINT WARNING * * *
You are electrocuted!!
You die...

##.###..#.#
#......#.###
#..........#
#.###.##.#.#
# ###.##.#.#
#Sh.##.#.#
#l####.#.#
#W# #.#.#
#@# #.#.#
#K# #.#.#
#5# ... .5.
... ...##
####


You could see Pikel (weak-willed), 2 lemures, a phantom (weak-willed), an iguana
(weak-willed), a hound (weak-willed) and an adder (weak-willed).

Vanquished Creatures
  An orc warrior (D:5)
  A black bear (D:4)
  An ice beast (D:5)
  An ogre (D:3)
  A centaur (D:5)
  2 scorpions (D:5)
  3 hounds
  A gnoll bouda (D:4)
  2 orc priests
  Jessica (D:2)
  An iguana (D:3)
  Terence (D:2)
  3 orc wizards
  A sleepcap (D:5)
  5 adders
  8 gnolls
  6 dart slugs
  4 orcs
  6 endoplasms
  5 giant cockroaches
  5 hobgoblins
  4 quokkas
  6 ball pythons
  3 bats
  8 frilled lizards
  9 goblins
  8 kobolds
  8 rats
105 creatures vanquished.

Notes
Turn   | Place    | Note
-------+----------+-------------------------------------------
     0 | D:1      | AppTheSpectato the Gnoll Wanderer began the quest for the
                  | Orb.
     0 | D:1      | AppTheSpectato set off with the following items: a +0
                  | quarterstaff, a potion of might, a scroll of blinking, a +0
                  | pair of boots, a potion of curing, a +0 robe.
     0 | D:1      | Reached XP level 1. HP: 17/17 MP: 1/1
   168 | D:1      | Reached XP level 2. HP: 23/23 MP: 2/2
   514 | D:1      | Reached XP level 3. HP: 27/28 MP: 3/3
  1083 | D:2      | Noticed Jessica
  1091 | D:2      | Killed Jessica
  1092 | D:2      | Reached skill level 1 in Short Blades
  1092 | D:2      | Reached skill level 1 in Long Blades
  1092 | D:2      | Reached skill level 1 in Axes
  1092 | D:2      | Reached skill level 1 in Maces & Flails
  1092 | D:2      | Reached skill level 1 in Polearms
  1092 | D:2      | Reached skill level 1 in Ranged Weapons
  1092 | D:2      | Reached skill level 1 in Throwing
  1092 | D:2      | Reached skill level 1 in Armour
  1092 | D:2      | Reached skill level 1 in Shields
  1092 | D:2      | Reached skill level 1 in Spellcasting
  1092 | D:2      | Reached skill level 1 in Invocations
  1092 | D:2      | Reached skill level 1 in Evocations
  1141 | D:2      | Reached XP level 4. HP: 34/34 MP: 5/5
  1382 | D:2      | Reached skill level 1 in Conjurations
  1382 | D:2      | Reached skill level 1 in Hexes
  1382 | D:2      | Reached skill level 1 in Summonings
  1382 | D:2      | Reached skill level 1 in Necromancy
  1382 | D:2      | Reached skill level 1 in Translocations
  1382 | D:2      | Reached skill level 1 in Transmutations
  1382 | D:2      | Reached skill level 1 in Fire Magic
  1382 | D:2      | Reached skill level 1 in Ice Magic
  1382 | D:2      | Reached skill level 1 in Air Magic
  1382 | D:2      | Reached skill level 1 in Earth Magic
  1382 | D:2      | Reached skill level 1 in Poison Magic
  1490 | D:2      | Noticed Terence
  1504 | D:2      | Killed Terence
  1505 | D:2      | Reached XP level 5. HP: 35/40 MP: 5/7
  2322 | D:3      | Found an ornate altar of the Wu Jian Council.
  2560 | D:3      | Noticed an ogre
  2963 | D:4      | Found a staircase to the Ecumenical Temple.
  2979 | D:4      | Identified the +2 robe "Iru Adgh" {Str+6 Stlth-}
  2997 | Temple   | Entered the Ecumenical Temple
  3197 | Temple   | Became a worshipper of Uskayaw the Reveller
  3322 | D:4      | Got the Teachings on Intoxicating Minerals
  3486 | D:4      | Reached * piety under Uskayaw
  3488 | D:4      | Reached ** piety under Uskayaw
  3496 | D:4      | Reached XP level 6. HP: 19/47 MP: 8/8
  3500 | D:4      | Noticed a black bear
  3561 | D:3      | Reached skill level 5 in Dodging
  3561 | D:3      | Reached skill level 5 in Unarmed Combat
  3748 | D:4      | Reached *** piety under Uskayaw
  4170 | D:4      | Found a stormy altar of Qazlal.
  4180 | D:4      | Reached XP level 7. HP: 51/52 MP: 10/10
  4304 | D:4      | Found a white marble altar of Elyvilon.
  4812 | D:5      | Entered Level 5 of the Dungeon
  4914 | D:5      | Reached skill level 9 in Staves
  4981 | D:5      | Found a radiant altar of Vehumet.
  5198 | D:5      | Reached **** piety under Uskayaw
  5199 | D:5      | Reached XP level 8. HP: 41/60 MP: 12/12
  5306 | D:5      | Noticed Pikel
  5316 | D:5      | HP: 3/60 [phantom (5)]
  5318 | D:5      | Mangled by Pikel

Illustrated notes

Levels and vault maps discovered:
D:1:      minmay_arrival_solitary_statue, layout_loops_cross,
          minmay_tromino_v4_c
D:2:      layout_basic, kennysheep_nondescript, uniq_terence, uniq_jessica
D:3:      layout_loops_ring, mainiacjoe_overflow_boulevard,
          nicolae_figureground_sparkle
D:4:      kennysheep_big_flooded_room, layout_basic,
          mainiacjoe_overflow_alcove_4, nicolae_qazlal_beasts_of_the_sky,
          minmay_temple_entry_glass, kennysheep_generic_room_4
D:5:      layout_loops_ring, mainiacjoe_overflow_tiny_flanked,
          grunt_decor_resistance, uniq_pikel
Temple:   nicolae_temple_bog_church

Skill      XL: |  1  2  3  4  5  6  7  8 |
---------------+-------------------------+-----
Short Blades   | 1 2 3 |  3.3
Long Blades    | 1 2 3 |  3.3
Axes           | 1 2 3 |  3.3
Maces & Flails | 1 2 3 |  3.3
Polearms       | 1 2 3 |  3.3
Ranged Weapons | 1 2 3 |  3.3
Throwing       | 1 2 3 |  3.3
Armour         | 1 2 3 |  3.3
Shields        | 1 2 3 |  3.3
Spellcasting   | 1 2 3 |  3.3
Invocations    | 1 2 3 |  3.6
Evocations     | 1 2 3 |  3.3
Conjurations   | 1 2 |  2.6
Hexes          | 1 2 |  2.6
Summonings     | 1 2 |  2.6
Necromancy     | 1 2 |  2.6
Translocations | 1 2 |  2.6
Transmutations | 1 2 |  2.6
Fire Magic     | 1 2 |  2.6
Ice Magic      | 1 2 |  2.6
Air Magic      | 1 2 |  2.6
Earth Magic    | 1 2 |  2.6
Poison Magic   | 1 2 |  2.6
Fighting       | 3 4 |  4.2
Stealth        | 3 4 |  4.1
Dodging        | 5 |  5.7
Unarmed Combat | 5 |  5.7
Staves         | 9 |  9.2

Action                     |  1- 3 |  4- 6 |  7- 9 || total
---------------------------+-------+-------+-------++-------
  Melee: Quarterstaff      |    56 |   218 |    81 ||   355
         Bite              |     4 |    24 |    12 ||    40
  Throw: Dart              |       |    11 |     4 ||    15
 Invoke: Stomp             |       |       |     5 ||     5
    Use: Scroll            |     1 |     5 |     2 ||     8
         Potion            |       |       |     1 ||     1
   Stab: Sleeping          |     6 |    10 |       ||    16
         Distracted        |       |     1 |       ||     1
         Paralysed         |       |     1 |     3 ||     4
 Armour: Robe              |     5 |    62 |    27 ||    94
  Dodge: Dodged            |    32 |   138 |    55 ||   225
